 Dungeon Crawl Stone Soup version 0.22-a0-305-gd21a89c (webtiles) character file.

2166 budo the Covert (level 9, 53/53 HPs)
             Began as a Kobold Berserker on Mar 29, 2018.
             Was a Priest of Trog.
             Quit the game in a bailey.
             The game lasted 00:27:21 (6562 turns).

budo the Covert (Kobold Berserker)                  Turns: 6562, Time: 00:27:22

Health: 53/53      AC:  7    Str: 15    XL:     9   Next: 57%
Magic:  11/11      EV: 17    Int:  8    God:    Trog [***...]
Gold:   344        SH:  0    Dex: 17    Spells: 8/8 levels left

rFire    . . .     SeeInvis .   a - +0 short sword
rCold    . . .     Gourm    .   (shield restricted)
rNeg     . . .     Faith    .   b - +0 animal skin
rPois    .         Spirit   .   (no helmet)
rElec    .         Reflect  .   B - +2 cloak {+Inv}
rCorr    .         Harm     .   f - +0 pair of gloves
MR       .....                  q - +0 pair of boots
Stlth    +++++.....             (no amulet)
HPRegen  0.17/turn              h - ring of ice
MPRegen  0.12/turn              j - ring of fire

@: no status effects
A: small, carnivore
a: Berserk, Trog's Hand, Renounce Religion, Evoke Invisibility


You were in a bailey.
You worshipped Trog.
Trog was most pleased with you.
You were not hungry.

You visited 1 branch of the dungeon, and saw 7 of its levels.
You also visited: Bailey.

You collected 344 gold pieces.

Inventory:

Hand Weapons
 a - a +0 short sword (weapon)
 k - a +0 short sword
 x - a +0 hunting sling
Missiles
 l - 61 bolts
 m - 100 sling bullets
Armour
 b - a +0 animal skin (worn)
 f - a +0 pair of gloves (worn)
 q - a +0 pair of boots (worn)
 B - a +2 cloak of invisibility (worn)
Jewellery
 h - a ring of ice (left hand)
 j - a ring of fire (right hand)
Wands
 o - a wand of digging (12)
 y - a wand of random effects (30)
 C - a wand of flame (17)
Scrolls
 d - a scroll of teleportation
 e - 2 scrolls of identify
 g - a scroll of magic mapping
 i - a scroll of fog
 r - a scroll of amnesia
 v - a scroll of enchant armour
 w - a scroll of immolation
Potions
 s - a potion of flight
 t - a potion of magic
 u - a potion of curing
Comestibles
 c - 12 rations


   Skills:
 + Level 4.9 Fighting
 - Level 10.0 Short Blades
 - Level 1.5 Armour
 + Level 4.6 Dodging
 + Level 11.0 Stealth
 + Level 3.7 Evocations


You had 8 spell levels left.
You didn't know any spells.

Dungeon Overview and Level Annotations

Branches:
Dungeon (7/15)             Temple (0/1) D:6

Altars:
Ashenzari
Cheibriados
Dithmenos
Gozag
Hepliaklqana
Vehumet

Shops:
D:4 (   D:5 (

Annotations:
D:5 exclusion: centaur, Pikel; Sergey's ghost, amateur TeWn


Innate Abilities, Weirdness & Mutations

You are small and have problems with some larger weapons.
You are carnivorous and can eat meat at any time.


Message History

Search for what [Enter for "."]?
Okay, then.
Search for what [Enter for "."]? .
Put on which piece of jewellery? (? for menu, Esc to quit)
You feel more attuned to ice.
h - a ring of ice (left hand) Put on which piece of jewellery? (? for menu, Esc to quit)
You feel more attuned to fire.
j - a ring of fire (right hand)
As you read the scroll labeled ZEUMIT ZAD QED, it crumbles to dust.
You feel blessed for a moment.
It was a scroll of remove curse.
Unknown command.
As you read the scroll labeled TINARI IQUHOTI, it crumbles to dust.
It is a scroll of enchant armour.
Your +1 cloak of invisibility glows green for a moment.
Okay, then.
Welcome back, budo the Kobold Berserker.
Trog says: Kill them all!
Press ? for a list of commands and other information.
Are you sure you want to abandon this character and quit the game? (Confirm with "yes".)

..#.......#......≈♣
()'...8...'......≈♣
..#.......#......≈♣
####.....###'##..≈♣
'..##...##....#..≈♣
#...#####.....#..≈♣
#.....(.......#..≈♣
#.....#......##..≈♣
#.8...#...8.##..@≈♣
#############...≈≈♣
≈≈≈≈≈≈≈≈≈≈≈≈≈≈≈≈≈♣♣
♣♣♣♣♣♣♣♣♣♣♣♣♣♣♣♣♣♣


There were no monsters in sight!

Vanquished Creatures
  Sigmund (D:2)
  A sky beast (D:5)
  A phantom (D:4)
  3 ogres (D:4)
  A bullfrog (D:7)
  8 gnoll sergeants (Bailey)
  A scorpion (D:6)
  2 bullfrog zombies
  A bullfrog skeleton (D:5)
  5 hounds
  An orc wizard (D:6)
  An orc priest (D:5)
  6 gnoll shamans (Bailey)
  An iguana (D:5)
  4 worker ants
  A hound zombie (D:5)
  2 hound skeletons
  14 gnolls (Bailey)
  6 adders
  A shadow imp (D:6)
  An ooze (D:3)
  An adder zombie (D:5)
  2 adder skeletons
  3 worms
  A dart slug (D:2)
  7 leopard geckos
  10 orcs
  A ball python (D:1)
  7 bats
  8 giant cockroaches
  10 hobgoblins
  12 jackals
  3 quokkas
  6 frilled lizards
  14 goblins
  7 kobolds
  4 rats
158 creatures vanquished.

Notes
Turn   | Place    | Note
-------+----------+-------------------------------------------
     0 | D:1      | budo the Kobold Berserker began the quest for the Orb.
     0 | D:1      | Reached XP level 1. HP: 14/14 MP: 1/1
    41 | D:1      | Reached skill level 1 in Stealth
    80 | D:1      | Reached XP level 2. HP: 19/19 MP: 2/2
   229 | D:1      | Reached skill level 2 in Stealth
   347 | D:1      | Reached XP level 3. HP: 23/23 MP: 3/3
   468 | D:1      | Reached ** piety under Trog
   887 | D:2      | Reached skill level 5 in Short Blades
   946 | D:2      | Reached skill level 3 in Stealth
   952 | D:2      | Reached XP level 4. HP: 28/28 MP: 4/4
  1103 | D:2      | Noticed Sigmund
  1144 | D:2      | Found a shattered altar of Ashenzari.
  1612 | D:3      | Reached skill level 4 in Stealth
  1663 | D:3      | Found a shattered altar of Ashenzari.
  1767 | D:3      | Reached XP level 5. HP: 32/32 MP: 5/5
  2074 | D:3      | Found a snail-covered altar of Cheibriados.
  2139 | D:3      | Reached *** piety under Trog
  2196 | D:3      | Found a hazy altar of Hepliaklqana.
  2196 | D:3      | Found an opulent altar of Gozag.
  2337 | D:4      | Noticed an ogre
  2453 | D:2      | Killed Sigmund
  2453 | D:2      | Reached skill level 6 in Stealth
  2453 | D:2      | Reached XP level 6. HP: 37/37 MP: 6/6
  2586 | D:4      | Noticed an ogre
  2599 | D:4      | Killed an ogre
  2657 | D:4      | Found Ihenac's Antique Weapon Shoppe.
  2715 | D:4      | Reached XP level 7. HP: 41/41 MP: 7/7
  2838 | D:4      | You fall through a shaft!
  2838 | D:5      | Entered Level 5 of the Dungeon
  2840 | D:5      | Noticed Sergey's ghost (amateur TeWn)
  2964 | D:5      | Found an opulent altar of Gozag.
  2985 | D:4      | Reached skill level 7 in Stealth
  3039 | D:4      | Found a shadowy altar of Dithmenos.
  3341 | D:4      | Reached skill level 8 in Stealth
  3341 | D:4      | Reached XP level 8. HP: 46/46 MP: 8/8
  3648 | D:5      | Noticed Pikel
  3831 | D:5      | Found Qefomali's Antique Weapon Shop.
  4043 | D:6      | Reached skill level 9 in Stealth
  4195 | D:6      | Found a staircase to the Ecumenical Temple.
  4719 | D:7      | Reached skill level 10 in Short Blades
  4724 | D:7      | Reached **** piety under Trog
  4724 | D:7      | Reached skill level 10 in Stealth
  4755 | D:7      | Found a radiant altar of Vehumet.
  4818 | D:7      | Found a flagged portal.
  4865 | Bailey   | Entered a bailey
  4885 | Bailey   | Reached skill level 1 in Evocations
  4894 | Bailey   | Reached XP level 9. HP: 51/51 MP: 9/9
  6462 | Bailey   | Reached skill level 11 in Stealth
  6562 | Bailey   | Quit the game

Vault maps used:
D:1:      onia_arrival_larder, serial_glass, glass_columns_c, glass_columns_b,
          glass_columns_a, glass_columns_a, glass_columns_b, glass_columns_a,
          item_on_display_b, item_on_display_a, due_unseen_surprise,
          minmay_strange_pillars
D:2:      nicolae_ashenzari_panopticon, uniq_sigmund
D:3:      marbit_many_paths, old_standard_altar,
          gammafunk_temple_overflow_elements, first_ration
D:4:      nicolae_dithmenos_shadow_blocks, serial_shops, nicolae_shop_crystal,
          kennysheep_generic_room_16
D:5:      lemuel_round_altar, serial_shops, shop, nicolae_gozag_seed_capital,
          uniq_pikel, uniq_menkaure, uniq_blork_the_orc
D:6:      cheibrodos_iron_armory, minmay_temple_entry_junction
D:7:      kennysheep_ying_yang, nicolae_overflow_quartered_altars,
          vehumet_altar_wand_db, enter_bailey_3, serial_shops, shop
Bailey:   bailey_polearm_gnolls_kennysheep, bailey

Skill      XL: |  1  2  3  4  5  6  7  8  9 |
---------------+----------------------------+-----
Stealth        | 1 2 3 4 6 8 10 11 | 11.0
Short Blades   | 5 7 8 10 | 10.0
Evocations     | 1 3 |  3.7
Dodging        | 4 |  4.6
Fighting       | 4 |  4.9
Armour         | |  1.5

Action                   |  1- 3 |  4- 6 |  7- 9 || total
-------------------------+-------+-------+-------++-------
Melee: Short sword       |    78 |   135 |   413 ||   626
 Fire: Hunting sling     |       |    25 |    25 ||    50
Invok: Berserk           |     5 |     8 |    24 ||    37
       Trog's Hand       |       |       |     6 ||     6
  Use: Potion            |       |     5 |     7 ||    12
       Scroll            |       |       |    13 ||    13
 Stab: Sleeping          |     4 |     2 |    14 ||    20
       Distracted        |       |       |     1 ||     1
  Eat: Chunk             |    10 |    16 |    29 ||    55
       Ration            |       |       |     1 ||     1
Armor: Animal skin       |    10 |    26 |    40 ||    76
       Skin              |       |    13 |    12 ||    25
Dodge: Dodged            |    48 |    83 |   233 ||   364

Table legend:
 A = Spawn XP
 B = Non-spawn XP
 C = Spawn XP percentage of total XP
 D = Spawn monster count
 E = Non-spawn monster count
 F = Spawn count percentage of total count
 G = Total turns spent on level
                    A         B        C        D         E        F      G
               +---------+---------+-------+---------+---------+-------+---------
         Total |       0 |    3095 |   0.0 |       0 |     158 |   0.0 |  6562
               +---------+---------+-------+---------+---------+-------+---------
           D:1 |       0 |      45 |   0.0 |       0 |      26 |   0.0 |   876
           D:2 |       0 |     298 |   0.0 |       0 |      22 |   0.0 |   901
           D:3 |       0 |      61 |   0.0 |       0 |      23 |   0.0 |   769
           D:4 |       0 |     586 |   0.0 |       0 |      14 |   0.0 |   956
           D:5 |       0 |     318 |   0.0 |       0 |      16 |   0.0 |   511
           D:6 |       0 |     336 |   0.0 |       0 |      16 |   0.0 |   687
           D:7 |       0 |     219 |   0.0 |       0 |      11 |   0.0 |   165
        Bailey |       0 |    1232 |   0.0 |       0 |      30 |   0.0 |  1697
               +---------+---------+-------+---------+---------+-------+---------
